 Dungeon Crawl Stone Soup version 0.27-a0-1381-g81fdcbfb23 (webtiles) character file.

Game seed: 5500894995330242020

109 Froggeryz the Cutter (level 4, -18/31 HPs)
             Began as an Octopode Berserker on June 30, 2021.
             Was a Believer of Trog.
             Demolished by Edmund (24 damage)
             ... on level 4 of the Dungeon.
             The game lasted 00:02:27 (3371 turns).

Froggeryz the Cutter (Octopode Berserker)           Turns: 3371, Time: 00:02:28

Health: -18/31     AC:  1    Str: 16    XL:     4   Next: 89%
Magic:  4/4        EV: 13    Int:  9    God:    Trog [**....]
Gold:   125        SH:  0    Dex: 12    Spells: 3/3 levels left

rFire    . . .     SeeInvis .   k - +2 dagger (venom)
rCold    . . .     Faith    .   (no shield)
rNeg     . . .     Spirit   .   (helmet restricted)
rPois    .         Reflect  .   (no amulet)
rElec    .         Harm     .   (no ring)
rCorr    .         Rampage  .   (no ring)
Will     .....                  (no ring)
Stlth    +++.......             (no ring)
HPRegen  0.10/turn              (no ring)
MPRegen  0.09/turn              (no ring)
                                (no ring)
                                (no ring)

@: about to teleport, flying
A: almost no armour, amphibious, 8 rings, camouflage 1, gelatinous body 1,
(nimble swimmer 1), tentacles
a: Renounce Religion, Berserk, Trog's Hand


You were on level 4 of the Dungeon.
You worshipped Trog.
Trog was pleased with you.
You visited 1 branch of the dungeon, and saw 4 of its levels.

You collected 125 gold pieces.

Inventory:

Hand Weapons
 k - a +2 dagger of venom (weapon)
Missiles
 c - 7 atropa-tipped darts
 n - 4 curare-tipped darts
Jewellery
 g - a +6 ring of intelligence
Wands
 o - a wand of acid (20)
Scrolls
 b - a scroll of enchant weapon
 e - a scroll of fear
 h - a scroll of immolation {unknown}
 i - a scroll of enchant armour
 l - a scroll of teleportation
Potions
 a - a potion of ambrosia {unknown}
 d - a potion of invisibility {unknown}
 f - a potion of attraction {unknown}
 j - 2 potions of flight
 m - a potion of mutation {unknown}


   Skills:
 - Level 3.0 Fighting
 * Level 4.7 Short Blades
 + Level 3.0 Dodging
 + Level 3.3 Stealth


You had 3 spell levels left.
You didn't know any spells.
Your spell library was empty.

Dungeon Overview and Level Annotations

Branches:
Dungeon (4/15)
 Temple: D:4-7

Altars:

Annotations:
D:4 Edmund


Innate Abilities, Weirdness & Mutations

You cannot wear most types of armour.
You are amphibious.
You can wear up to eight rings at the same time.
Your skin changes colour to match your surroundings (Stealth+).
Your rubbery body absorbs attacks. (AC +1, EV +1)
((You are camouflaged near water. (Stealth+)))
You have tentacles for arms and can constrict up to eight enemies at once.


Message History

Done exploring.
No target in view!
Done exploring.
There is a stone staircase leading down here.
You climb downwards.
A kobold comes into view. It is wielding a +0 dagger.
The kobold shouts!
Found an escape hatch in the ceiling.
Found a stone staircase leading down.
There is a stone staircase leading up here.
A kobold is nearby!
A kobold is nearby!
Edmund the Younger comes into view.
He is wielding a +3 vorpal dire flail.
The kobold throws a stone.
The stone hits you.
Found a scimitar.
Edmund shouts!
You hit the kobold. You grab the kobold.
The kobold is moderately wounded.
You constrict the kobold, but do no damage.
You hit the kobold.
You kill the kobold!
Trog accepts your kill.
Edmund drinks a potion.
Edmund goes berserk!
Edmund hits you with a +3 vorpal dire flail.
Things that are here:
a +0 dagger; 5 stones
Okay, then.
Okay, then.
You can't see any enemies this would affect, really read the scroll of fear?
Okay, then.
Unknown command.
As you read the scroll of teleportation, it crumbles to dust.
You feel strangely unstable.
Edmund hits you with a +3 vorpal dire flail!
* * * LOW HITPOINT WARNING * * *
It was a potion of flight.
You feel very buoyant.
You fly up into the air.
Edmund hits you with a +3 vorpal dire flail!!
Ouch! That really hurt!
You die...

.....
..<....#
#.....
......
#....) ....
#.....##.#+#
.......<...#
...........#
...........#
...##......#
.. #...@..#
. +..>.@..#
###.....#
..#......
##...######
#... ...
#...


You could see Edmund (berserk).

Vanquished Creatures
  3 adders (D:2)
  2 dart slugs (D:1)
  A worm (D:2)
  5 orcs (D:3)
  3 ball pythons
  6 bats
  4 endoplasms
  5 goblins
  7 hobgoblins
  12 jackals
  2 quokkas
  6 frilled lizards
  5 kobolds
  5 rats
66 creatures vanquished.

Notes
Turn   | Place    | Note
-------+----------+-------------------------------------------
     0 | D:1      | Froggeryz the Octopode Berserker began the quest for the
                  | Orb.
     0 | D:1      | Reached XP level 1. HP: 16/16 MP: 1/1
   314 | D:1      | Reached skill level 1 in Stealth
   314 | D:1      | Reached XP level 2. HP: 16/21 MP: 2/2
   518 | D:1      | Reached XP level 3. HP: 3/26 MP: 3/3
   895 | D:1      | Reached ** piety under Trog
  1166 | D:1      | Reached skill level 4 in Short Blades
  1606 | D:2      | Reached XP level 4. HP: 25/31 MP: 4/4
  3364 | D:4      | Noticed Edmund
  3371 | D:4      | Demolished by Edmund

Illustrated notes

Levels and vault maps discovered:
D:1:      elethiomel_arrival_shortcut, layout_rooms, minmay_tromino_v7
D:2:      layout_basic
D:3:      minmay_door_path, layout_basic
D:4:      layout_basic, kennysheep_generic_room_9, uniq_edmund, uniq_eustachio,
          uniq_pikel

Skill      XL: |  1  2  3  4 |
---------------+-------------+-----
Stealth        | 1 2 3 |  3.3
Short Blades   | 4 |  4.7
Fighting       | |  3.0
Dodging        | |  3.0

Action                   |  1- 3 |  4- 6 || total
-------------------------+-------+-------++-------
Melee: Short sword       |    39 |       ||    39
       Constrict         |    21 |    12 ||    33
       Tentacles         |    14 |     5 ||    19
       Dagger            |    35 |    49 ||    84
Invok: Berserk           |     1 |       ||     1
  Use: Scroll            |       |     6 ||     6
       Potion            |       |     1 ||     1
 Stab: Sleeping          |     4 |     7 ||    11
Armor: Skin              |     7 |     3 ||    10
Dodge: Dodged            |    49 |    19 ||    68

Table legend: (Time is in decaauts)
 A = Elapsed time spent in this place.
 B = Non-inter-level travel time spent in this place.
 C = Inter-level travel time spent in this place.
 D = Time resting spent in this place.
 E = Time spent auto-exploring this place.
 F = Levels seen in this place.
 G = Mean time per level.
                   A        B        C        D        E       F      G
               +--------+--------+--------+--------+--------+-----+--------+
         Total |   3352 |   3293 |     59 |    485 |   2472 |   4 |  838.0 |
       Dungeon |   3352 |   3293 |     59 |    485 |   2472 |   4 |  838.0 |
               +--------+--------+--------+--------+--------+-----+--------+

Top non-repeatable levels by time:
     D:1: 1305 daAuts
     D:2: 1270 daAuts
     D:3: 769 daAuts
     D:4: 7 daAuts
